 Dungeon Crawl Stone Soup version 0.29.0-4-gdea44cf6ec (webtiles) character file.

Game seed: 12730533834507349032

2 qw the Sneak (level 1, -1/14 HPs)
             Began as a Gargoyle Delver on Sept 10, 2022.
             Slain by a necrophage (6 damage)
             ... on level 4 of the Dungeon.
             The game lasted 00:00:02 (72 turns).

qw the Sneak (Gargoyle Delver)                        Turns: 72, Time: 00:00:03

Health: -1/14      AC:  5    Str: 15    XL:     1   Next: 30%
Magic:  1/1        EV: 11    Int: 10    God:
Gold:   22         SH:  0    Dex: 11    Spells: 0/0 levels left

rFire   . . .      SeeInvis .   a - +0 hand axe
rCold   . . .      Faith    .   (no shield)
rNeg    + . .      Spirit   .   b - +0 leather armour
rPois   inf        Reflect  .   (no helmet)
rElec   +          Harm     .   (no cloak)
rCorr   .          Rampage  .   (no gloves)
Will    .....                   (no boots)
Stlth   +++.......              (no amulet)
HPRegen 0.04/turn               (no ring)
MPRegen 0.07/turn               (no ring)

@: no status effects
A: sickness immunity, AC +2, negative energy resistance 1, electricity
resistance, torment resistance 1, petrification resistance
a: no special abilities


You were on level 4 of the Dungeon.
You visited 1 branch of the dungeon, and saw 2 of its levels.

You collected 22 gold pieces.


Innate Abilities, Weirdness & Mutations

You are immune to sickness and miasma.
Your stone body is resilient. (AC +2)
You are immune to poison.
You resist negative energy. (rN+)
You are resistant to electric shocks. (rElec)
You are resistant to unholy torment.
You are immune to petrification.


   Skills:
 - Level 3.2 Fighting
 + Level 2.0 Axes
 - Level 1.5 Dodging
 - Level 5.4 Stealth


You couldn't memorise any spells.
You didn't know any spells.
Your spell library was empty.

Inventory:

Hand Weapons
 a - a +0 hand axe (weapon)
Armour
 b - a +0 leather armour (worn)
 c - a +0 scale mail
Wands
 g - a wand of digging (3)
Potions
 f - a potion of haste

Dungeon Overview and Level Annotations

Branches:
Dungeon (5/15)
 Temple: D:4-7

Altars:
Makhleb

Annotations:
D:4 1 runed translucent door


Message History

You closely miss the hobgoblin. The hobgoblin closely misses you.
The ball python hisses angrily.
You hit the hobgoblin.
You kill the hobgoblin!
You barely miss the necrophage. The necrophage barely misses you. x2
You hit the necrophage.
The necrophage is lightly damaged.
The necrophage hits you but does no damage.
You hit the necrophage.
The necrophage is lightly damaged.
The necrophage hits you.
You closely miss the necrophage.
The necrophage is lightly damaged.
You barely miss the ball python.
The ball python bites you but does no damage.
The ball python grabs you. The ball python constricts you.
The necrophage hits you but does no damage.
You hit the ball python but do no damage.
You barely miss the necrophage. The ball python barely misses you.
The ball python constricts you. The necrophage hits you.
The ball python closely misses you. The ball python constricts you.
You barely miss the ball python. You completely miss the necrophage.
The necrophage barely misses you.
The ball python bites you but does no damage.
The ball python constricts you. The necrophage hits you.
You hit the ball python.
You kill the ball python!
You closely miss the necrophage. The necrophage hits you.
Your Axes skill increases to level 2!
You barely miss the necrophage.
The necrophage is lightly damaged.
The necrophage hits you but does no damage.
You completely miss the necrophage.
The necrophage is lightly damaged.
The necrophage hits you.
You die...

.. ##........
..###........##.#.#._.#.
...#............#.#...#.
.............##.#.(.....
................#.#####.
........................
>.......................
....##..................
....####........@n......
..>..# #.....###.%.##..#
....####.....# #..##
......####.### #....
.......##..# #.....
.#.........## #..####+
#####.......##~#..# ...
#.......#.##~#..# .$
##........##~#..#


You could see a necrophage.

Vanquished Creatures
  A hobgoblin (D:4)
  A ball python (D:4)
2 creatures vanquished.

Notes
Turn   | Place    | Note
-------+----------+-------------------------------------------
     0 | D:5      | qw the Gargoyle Delver began the quest for the Orb.
     0 | D:5      | Reached XP level 1. HP: 14/14 MP: 1/1
     0 | D:5      | 0 ||| qw: Version: 0.1-a-116-g5d60599
     0 | D:5      | 0 ||| qw: Game counter: 8472
     0 | D:5      | 0 ||| qw: Always use a shield: true
     0 | D:5      | 0 ||| qw: God list: Okawaru
     0 | D:5      | 0 ||| qw: Allow faded altars: false
     0 | D:5      | 0 ||| qw: Do Orc after D:15 true
     0 | D:5      | 0 ||| qw: Do second Lair branch before Depths: true
     0 | D:5      | 0 ||| qw: Lair rune preference: random
     0 | D:5      | 0 ||| qw: Plans: Normal
     0 | D:5      | 0 ||| PLANNING D:1-11
     0 | D:5      | 0 ||| DROPPING scroll of fog.
     1 | D:5      | 1 ||| DROPPING scroll of magic mapping.
     2 | D:5      | 2 ||| DROPPING scroll of fear.
    11 | D:4      | 11 ||| PLANNING SEWER
    47 | D:4      | Found a burning altar of Makhleb.
    49 | D:4      | Found a runed translucent gate.
    51 | D:4      | 51 ||| UPGRADING to +0 scale mail.
    57 | D:4      | Noticed a necrophage
    72 | D:4      | Slain by a necrophage

Levels and vault maps discovered:
D:4:      layout_cave_pools, mainiacjoe_overflow_cross_hatched,
          portal_sewer_entry_d, gammafunk_ghost_cemetery, uniq_sigmund
D:5:      layout_basic, general_overflow_altar, mainiacjoe_overflow_boulevard,
          mainiacjoe_overflow_small_starburst, gammafunk_ghost_split,
          skrybe_limestone_x

Skill      XL: |  1 |
---------------+----+-----
Axes           | 2 |  2.0
Fighting       | |  3.2
Dodging        | |  1.5
Stealth        | |  5.4

Action                   || total
-------------------------++-------
Melee: Hand axe          ||    13
Armor: Leather armour    ||     5
Dodge: Dodged            ||     8

Table legend:
 A = Non-vault XP
 B = Vault XP
 C = Vault XP percentage of total XP
 D = Non-vault monster count
 E = Vault monster count
 F = Vault count percentage of total count
                 A         B        C        D         E       F
            +---------+---------+-------+---------+---------+-------
      Total |       3 |       0 |   0.0 |       2 |       0 |   0.0
            +---------+---------+-------+---------+---------+-------
        D:4 |       3 |       0 |   0.0 |       2 |       0 |   0.0
            +---------+---------+-------+---------+---------+-------
